 Dungeon Crawl Stone Soup version 0.22.1-6-g1668fe2 (webtiles) character file.

109 Fang the Skirmisher (level 4, -2/29 HPs)
             Began as a Gargoyle Berserker on Jan 17, 2019.
             Was a Believer of Trog.
             Slain by a gnoll
             ... wielding a +0 spear
              (8 damage)
             ... on level 1 of the Dungeon.
             The game lasted 00:01:14 (1415 turns).

Fang the Skirmisher (Gargoyle Berserker)            Turns: 1415, Time: 00:01:14

Health: -2/29      AC:  5    Str: 21    XL:     4   Next: 90%
Magic:  4/4        EV: 12    Int:  8    God:    Trog [**....]
Gold:   73         SH:  0    Dex:  9    Spells: 3/3 levels left

rFire    . . .     SeeInvis .   a - +0 hand axe
rCold    . . .     Gourm    .   (no shield)
rNeg     + . .     Faith    .   b - +0 animal skin
rPois    ∞         Spirit   .   (no helmet)
rElec    +         Reflect  .   (no cloak)
rCorr    +         Harm     .   (no gloves)
MR       .....                  (no boots)
Stlth    +.........             (no amulet)
HPRegen  0.09/turn              f - ring of resist corrosion
MPRegen  0.09/turn              (no ring)

@: no status effects
A: negative energy resistance 1, electricity resistance, unbreathing,
petrification resistance, rot immunity, AC +3
a: Berserk, Trog's Hand, Renounce Religion


You were on level 1 of the Dungeon.
You worshipped Trog.
Trog was pleased with you.
You were hungry.

You visited 1 branch of the dungeon, and saw 2 of its levels.

You collected 73 gold pieces.

Inventory:

Hand Weapons
 a - a +0 hand axe (weapon)
Armour
 b - a +0 animal skin (worn)
Jewellery
 f - a ring of resist corrosion (left hand)
Scrolls
 d - 2 scrolls of amnesia {unknown}
 e - 2 scrolls of identify {unknown}
 g - a scroll of random uselessness {unknown}
 h - a scroll of enchant weapon {unknown}
 i - 2 scrolls of remove curse {unknown}
 j - a scroll of immolation {unknown}
 l - a scroll of magic mapping {unknown}
Potions
 k - 2 potions of curing {unknown}
Comestibles
 c - a ration


   Skills:
 + Level 4.2 Fighting
 + Level 3.6 Axes
 + Level 2.5 Armour
 + Level 2.4 Dodging
 + Level 0.3 Stealth


You had 3 spell levels left.
You didn't know any spells.
Your spell library was empty.

Dungeon Overview and Level Annotations

Branches:
Dungeon (2/15)

Altars:
Ru


Innate Abilities, Weirdness & Mutations

You are resistant to torment.
Your stone body is resilient. (AC +3)
You are immune to poison.
You resist negative energy. (rN+)
You are resistant to electric shocks. (rElec)
You can survive without breathing.
You are immune to petrification.
You are immune to rotting.


Message History

The gnoll hits you with a spear. The hobgoblin barely misses you.
You are too injured to fight recklessly!
You are too injured to fight recklessly!
You are too injured to fight recklessly!
You are too injured to fight recklessly!
You are too injured to fight recklessly!
You are too injured to fight recklessly!
You are too injured to fight recklessly!
You are too injured to fight recklessly!
You are too injured to fight recklessly!
You are too injured to fight recklessly!
You hit the hobgoblin.
You kill the hobgoblin!
Trog accepts your kill.
You slash the gnoll! The gnoll barely misses you.
The gnoll hits you with a spear.
* * * LOW HITPOINT WARNING * * *
A bat comes into view.
The gnoll hits you with a spear!
You die...

.......................
............##..........
###..#..........##......
##.#.........#..b.....
#.##....(............
#.##..###...#........
#....##.....†......#
####...)...#...†...#...
##....>.....#...@.......
...##...........g##!....
..............#...# ...?
...###......####..... ..
...# ######## ##.....
...# ##.... #### #...
...


You could see a gnoll and a bat.

Vanquished Creatures
  An orc wizard (D:2)
  3 adders (D:2)
  An ooze (D:2)
  A worm (D:2)
  8 goblins
  7 hobgoblins
  4 bats
  A frilled lizard (D:1)
  13 kobolds
  6 rats
45 creatures vanquished.

Notes
Turn   | Place    | Note
-------+----------+-------------------------------------------
     0 | D:1      | Fang the Gargoyle Berserker began the quest for the Orb.
     0 | D:1      | Reached XP level 1. HP: 14/14 MP: 1/1
    55 | D:1      | Reached XP level 2. HP: 12/19 MP: 2/2
   404 | D:1      | You fall through a shaft!
   471 | D:2      | Reached XP level 3. HP: 15/23 MP: 3/3
   671 | D:2      | Found a sacrificial altar of Ru.
   771 | D:2      | Reached ** piety under Trog
   771 | D:2      | Reached XP level 4. HP: 25/29 MP: 4/4
   794 | D:2      | Reached skill level 4 in Fighting
  1415 | D:1      | Slain by a gnoll

Skill      XL: |  1  2  3  4 |
---------------+-------------+-----
Axes           | 3 |  3.6
Dodging        | 2 |  2.4
Fighting       | 4 |  4.2
Armour         | |  2.5
Stealth        | |  0.3

Action                   |  1- 3 |  4- 6 || total
-------------------------+-------+-------++-------
Melee: Hand axe          |    92 |    63 ||   155
  Eat: Chunk             |       |     1 ||     1
Armor: Animal skin       |    38 |    26 ||    64
Dodge: Dodged            |    78 |    59 ||   137
